 Dungeon Crawl Stone Soup version 0.31.0 (webtiles) character file.

Game seed: 10924056142289479968

9 Esekla the Sneak (level 2, 2/21 HPs)
             Began as an Octopode Delver on Jan 19, 2024.
             Quit the game on level 5 of the Dungeon.
             The game lasted 00:01:20 (91 turns).

Esekla the Sneak (Octopode Delver)                    Turns: 91, Time: 00:01:21

Health: 2/21       AC:  1    Str: 11    XL:     2   Next: 16%
Magic:  2/2        EV: 13    Int: 12    God:
Gold:   0          SH:  0    Dex: 13    Spells: 1/1 levels left

rFire   . . .        a - +0 falchion
rCold   . . .        (no shield)
rNeg    . . .        (helmet restricted)
rPois   .            (no amulet)
rElec   .            (no ring)
rCorr   .            (no ring)
SInv    .            (no ring)
Will    .....        (no ring)
Stlth   ++++         (no ring)
HPRegen 0.23/turn    (no ring)
MPRegen 0.08/turn    (no ring)
                     (no ring)

%: no passive effects
@: no status effects
A: almost no armour, amphibious, 8 rings, camouflage 1, gelatinous body 1,
(nimble swimmer 1), tentacles
a: no special abilities


You were on level 5 of the Dungeon.
You visited 1 branch of the dungeon, and saw 1 of its levels.

Inventory:

Hand Weapons
 a - a +0 falchion (weapon)
 c - a +0 trident
Wands
 f - a wand of digging (3)
Scrolls
 b - a scroll of fog
 d - a scroll of fear
 g - a scroll of identify {unknown}
Potions
 e - a potion of haste


   Skills:
 * Level 3.1 Fighting
 * Level 2.1 Long Blades
 * Level 2.1 Dodging
 + Level 6.9 Stealth
 * Level 0.3 Spellcasting


You had one spell level left.
You didn't know any spells.
Your spell library was empty.

Dungeon Overview and Level Annotations

Branches:
Dungeon (5/15)
 Temple: D:4-7

Altars:

Shops:
D:5 *


Innate Abilities, Weirdness & Mutations

You cannot wear most types of armour.
You are amphibious.
You can wear up to eight rings at the same time.
Your skin changes colour to match your surroundings (Stealth+).
Your rubbery body absorbs attacks. (AC +1, EV +1)
((You are camouflaged when in or above water. (Stealth+)))
You have tentacles for arms and can constrict up to eight enemies at once.


Message History

Welcome, Esekla the Octopode Delver.
Are you destined to find the fabled Orb of Zot, or to die trying?
Press ? for a list of commands and other information.
Found a stone staircase leading down.
A gnoll comes into view. It is wielding a +0 flail.
A gnoll comes into view. It is wielding a +0 whip.
Found a scroll labelled TEPRIE EQIPH.
Found an escape hatch in the floor.
There is a stone staircase leading down here.
As you read the scroll of revelation, it crumbles to dust.
You feel aware of your surroundings.
You sensed 1 shop/portal.
Found a trident.
You see here a +0 trident.
c - a +0 trident The gnoll shouts!
A gnoll bouda comes into view. It is wielding a +0 whip.
You see here a scroll labelled TEPRIE EQIPH.
g - a scroll labelled TEPRIE EQIPH
There is an escape hatch in the floor here.
Found a stone staircase leading down.
Found Raddi's General Store.
You closely miss the gnoll. You grab the gnoll.
You constrict the gnoll, but do no damage.
The gnoll hits you with a +0 flail.
You hit the gnoll but do no damage. You constrict the gnoll.
The gnoll closely misses you.
You hit the gnoll. You squeeze the gnoll.
The gnoll is heavily wounded.
You constrict the gnoll. The gnoll hits you with a +0 flail!
Ouch! That really hurt!
* * * LOW HITPOINT WARNING * * *
You slash the gnoll!
You kill the gnoll!
You have reached level 2!
Are you sure you want to abandon this character and quit the game? (Confirm with "yes".)

*,**,<*
**,****,,*,,,****,*,*
*,***,* *,##.,,,,,,,,,,,,*,,
*,*
*,*******,#.#####,*,,,******
*,*
*,,,,,,,,,..#...#,,,,,,,,,,,
*,*
*********,#.#.∩.#,*****,****
*,* *,#.#...#,* *,* * *,*
*,#.#.>.#,# *,** * *,*
*,#.#...#.# *,,*** *,*
*,#@#####.# **,,,*
*,***********,##.....#*
***g# *,,,,,,,,,,,,,*###..##
#g# *************** ##)# #.#
#.# #.# #.# #g# #.# #.#
#.##########.#
#.....>.......


There were no monsters in sight!

Vanquished Creatures
  A gnoll (D:5)
1 creature vanquished.

Notes
Turn   | Place    | Note
-------+----------+-------------------------------------------
     0 | D:5      | Esekla the Octopode Delver began the quest for the Orb.
     0 | D:5      | Reached XP level 1. HP: 16/16 MP: 1/1
    65 | D:5      | Noticed a gnoll bouda
    80 | D:5      | Found Raddi's General Store.
    87 | D:5      | Reached XP level 2. HP: 1/21 MP: 2/2
    91 | D:5      | Quit the game

Illustrated notes

Levels and vault maps discovered:
D:5:      layout_basic, palyth_stone_intersect, nicolae_take_the_stairs

Action                     || total
---------------------------++-------
  Melee: Falchion          ||     4
         Constrict         ||     1
         Tentacles         ||     1
    Use: Scroll            ||     1
 Armour: Skin              ||     2
  Dodge: Dodged            ||     1
